 Dungeon Crawl Stone Soup version 0.29-a0-284-gf9362112df (webtiles) character file.

Game seed: 8638547273982507919

549 epen the Archer (level 7, -2/56 HPs)
             Began as a Gnoll Hunter on Mar 14, 2022.
             Slain by Ijyb
             ... wielding a +0 dagger
              (3 damage)
             ... on level 4 of the Dungeon.
             The game lasted 00:03:22 (2723 turns).

epen the Archer (Gnoll Hunter)                      Turns: 2723, Time: 00:03:23

Health: -2/56      AC:  0    Str: 10    XL:     7   Next: 28%
Magic:  10/10      EV: 14    Int:  8    God:
Gold:   119        SH:  0    Dex: 18    Spells: 10/10 levels left

rFire   . . .      SeeInvis .   a - +1 shortbow
rCold   . . .      Faith    .   (shield currently unavailable)
rNeg    . . .      Spirit   .   b - +0 leather armour
rPois   +          Reflect  .   (no helmet)
rElec   .          Harm     .   (no cloak)
rCorr   .          Rampage  .   m - +0 pair of gloves
Will    .....                   (no boots)
Stlth   ++........              (no amulet)
HPRegen 0.18/turn               e - ring of poison resistance
MPRegen 0.12/turn               (no ring)

@: corroded
A: fangs 1, strong nose, distributed training
a: no special abilities


You were on level 4 of the Dungeon.
You visited 1 branch of the dungeon, and saw 4 of its levels.

You collected 119 gold pieces.

Inventory:

Hand Weapons
 a - a +1 shortbow (weapon)
Armour
 b - a +0 leather armour (worn)
 m - a +0 pair of gloves (worn)
Jewellery
 e - a ring of poison resistance (left hand)
Wands
 t - a wand of iceblast (9)
Scrolls
 c - 2 scrolls of immolation
 d - 3 scrolls of noise {unknown}
 f - 3 scrolls of identify {unknown}
 h - 2 scrolls of teleportation {unknown}
 n - a scroll of magic mapping {unknown}
 o - a scroll of vulnerability {unknown}
 r - a scroll of amnesia {unknown}
Potions
 g - 2 potions of heal wounds
 i - 2 potions of cancellation {unknown}
 j - a potion of might {unknown}
 k - a potion of berserk rage {unknown}
 l - a potion of lignification {unknown}
 p - a potion of curing {unknown}
 q - a potion of brilliance {unknown}
 s - a potion of haste
 u - a potion of mutation {unknown}


   Skills:
 + Level 5.2 Fighting
 + Level 2.3 Short Blades
 + Level 2.3 Long Blades
 + Level 2.3 Axes
 + Level 2.3 Maces & Flails
 + Level 2.3 Polearms
 + Level 2.3 Staves
 + Level 2.3 Slings
 + Level 8.9 Bows
 + Level 2.3 Crossbows
 + Level 2.3 Throwing
 + Level 2.3 Armour
 + Level 5.2 Dodging
 + Level 3.4 Stealth
 + Level 2.3 Shields
 + Level 2.3 Unarmed Combat
 + Level 2.3 Spellcasting
 + Level 1.9 Conjurations
 + Level 1.9 Hexes
 + Level 1.9 Summonings
 + Level 1.9 Necromancy
 + Level 1.9 Translocations
 + Level 1.9 Transmutations
 + Level 1.9 Fire Magic
 + Level 1.9 Ice Magic
 + Level 1.9 Air Magic
 + Level 1.9 Earth Magic
 + Level 1.9 Poison Magic
 + Level 2.6 Invocations
 + Level 2.3 Evocations


You had 10 spell levels left.
You didn't know any spells.
Your spell library contained the following spells:

 Spells                   Type           Power      Damage    Failure   Level
 Frozen Ramparts          Ice            8%         1d2       52%         3
 Ice Form                 Ice/Tmut       4%         N/A       90%         4
 Summon Ice Beast         Ice/Summ       4%         N/A       90%         4


Dungeon Overview and Level Annotations

Branches:
Dungeon (4/15)
 Temple: D:4-7

Altars:
Hepliaklqana
Trog

Annotations:
D:4 Ijyb


Innate Abilities, Weirdness & Mutations

You have very sharp teeth.
Your uncanny sense of smell can sniff out nearby items.
Your experience applies equally to all skills.


Message History

You shoot an arrow. The arrow barely misses Ijyb.
Ijyb zaps a wand.
The bolt of acid hits you!!
You shoot an arrow. The arrow hits Ijyb!
Ijyb is heavily wounded.
You shoot an arrow. The arrow hits Ijyb but does no damage.
Ijyb is heavily wounded.
You shoot an arrow. The arrow hits Ijyb but does no damage.
Ijyb is heavily wounded.
Ijyb zaps a wand.
The bolt of acid hits you!!
Ouch! That really hurt!
* * * LOW HITPOINT WARNING * * *
The acid corrodes you!
You are too injured to fight recklessly!
You are too injured to fight recklessly!
You are too injured to fight recklessly!
You are too injured to fight recklessly!
You are too injured to fight recklessly!
You are too injured to fight recklessly!
You are too injured to fight recklessly!
You are too injured to fight recklessly!
You are too injured to fight recklessly!
You are too injured to fight recklessly!
You are too injured to fight recklessly!
You are too injured to fight recklessly!
You are too injured to fight recklessly!
You are too injured to fight recklessly!
You are too injured to fight recklessly!
You are too injured to fight recklessly!
You are too injured to fight recklessly!
You are too injured to fight recklessly!
Shoot: a) +1 shortbow
Press: ? - help, Shift-Dir - straight line, f/p - Ijyb
Aim: Ijyb, wielding a +0 dagger, wearing a +0 chain mail and carrying a wand of acid (8) (heavily wounded, 68% to hit)
You shoot an arrow. The arrow barely misses Ijyb.
Ijyb misses you.
Shoot: a) +1 shortbow
Press: ? - help, Shift-Dir - straight line, f/p - Ijyb
Aim: Ijyb, wielding a +0 dagger, wearing a +0 chain mail and carrying a wand of acid (8) (heavily wounded, 68% to hit)
You shoot an arrow. The arrow closely misses Ijyb.
Ijyb hits you with a +0 dagger.
You die...

##....# y##...#
##..r.# ......#
.r...# ....## .####
##########
.#########........#
.....†..........@.#
#..##############g#
...# .# ...# .#
....# ∆ .# ......#
.# .......# .#
........# .#
........#


You could see Ijyb.

Vanquished Creatures
  2 ogres (D:4)
  A phantom (D:4)
  Blork the orc (D:4)
  A scorpion (D:3)
  A hound (D:4)
  6 adders
  A river rat (D:3)
  3 worms
  A dart slug (D:2)
  9 orcs
  2 ball pythons
  10 bats
  6 endoplasms
  3 giant cockroaches (D:3)
  5 goblins
  7 hobgoblins
  2 jackals (D:1)
  2 quokkas
  2 frilled lizards (D:1)
  10 kobolds
  8 rats
83 creatures vanquished.

Notes
Turn   | Place    | Note
-------+----------+-------------------------------------------
     0 | D:1      | epen the Gnoll Hunter began the quest for the Orb.
     0 | D:1      | Reached XP level 1. HP: 20/20 MP: 1/1
   147 | D:1      | Reached XP level 2. HP: 25/26 MP: 2/2
   344 | D:1      | Found a faded altar of an unknown god.
   668 | D:2      | Reached XP level 3. HP: 31/31 MP: 3/3
   940 | D:2      | Reached skill level 1 in Invocations
  1038 | D:2      | Reached skill level 1 in Short Blades
  1038 | D:2      | Reached skill level 1 in Long Blades
  1038 | D:2      | Reached skill level 1 in Axes
  1038 | D:2      | Reached skill level 1 in Maces & Flails
  1038 | D:2      | Reached skill level 1 in Polearms
  1038 | D:2      | Reached skill level 1 in Staves
  1038 | D:2      | Reached skill level 1 in Slings
  1038 | D:2      | Reached skill level 1 in Crossbows
  1038 | D:2      | Reached skill level 1 in Throwing
  1038 | D:2      | Reached skill level 1 in Armour
  1038 | D:2      | Reached skill level 1 in Shields
  1038 | D:2      | Reached skill level 1 in Unarmed Combat
  1038 | D:2      | Reached skill level 1 in Spellcasting
  1038 | D:2      | Reached skill level 1 in Evocations
  1128 | D:3      | Noticed a scorpion
  1130 | D:3      | Killed a scorpion
  1131 | D:3      | Reached skill level 1 in Conjurations
  1131 | D:3      | Reached skill level 1 in Hexes
  1131 | D:3      | Reached skill level 1 in Summonings
  1131 | D:3      | Reached skill level 1 in Necromancy
  1131 | D:3      | Reached skill level 1 in Translocations
  1131 | D:3      | Reached skill level 1 in Transmutations
  1131 | D:3      | Reached skill level 1 in Fire Magic
  1131 | D:3      | Reached skill level 1 in Ice Magic
  1131 | D:3      | Reached skill level 1 in Air Magic
  1131 | D:3      | Reached skill level 1 in Earth Magic
  1131 | D:3      | Reached skill level 1 in Poison Magic
  1131 | D:3      | Reached XP level 4. HP: 38/38 MP: 5/5
  1275 | D:3      | Reached XP level 5. HP: 42/43 MP: 6/6
  1627 | D:3      | Found a glowing drain.
  1965 | D:3      | Found a hazy altar of Hepliaklqana.
  2053 | D:4      | Noticed an ogre
  2060 | D:4      | Killed an ogre
  2061 | D:4      | Reached XP level 6. HP: 32/50 MP: 8/8
  2177 | D:4      | Reached skill level 5 in Fighting
  2177 | D:4      | Reached skill level 5 in Dodging
  2278 | D:4      | Reached XP level 7. HP: 55/56 MP: 10/10
  2313 | D:4      | Noticed Blork the orc
  2329 | D:4      | Killed Blork the orc
  2687 | D:4      | Noticed a moth of wrath
  2690 | D:4      | Found a bloodstained altar of Trog.
  2715 | D:4      | Noticed Ijyb
  2721 | D:4      | HP: 1/56 [Ijyb/bolt of acid (35)]
  2723 | D:4      | Slain by Ijyb

Illustrated notes

Levels and vault maps discovered:
D:1:      psy_arrival_statuary, layout_loops_ring, basic_ecumenical_altar
D:2:      layout_basic, kennysheep_potato
D:3:      layout_rooms, worldfamousw_hep_ancestral_shrine,
          gup_sewer_entry_spiral
D:4:      layout_cave_pods, amcnicky_altar_gilded, tgw_trog,
          minmay_temple_entry_poolview, serial_park_tiny_1, solitary_fountain,
          minmay_unequal, uniq_blork_the_orc, uniq_ijyb

Skill      XL: |  1  2  3  4  5  6 |
---------------+-------------------+-----
Invocations    | 1 2 |  2.6
Short Blades   | 1 2 |  2.3
Long Blades    | 1 2 |  2.3
Axes           | 1 2 |  2.3
Maces & Flails | 1 2 |  2.3
Polearms       | 1 2 |  2.3
Staves         | 1 2 |  2.3
Slings         | 1 2 |  2.3
Crossbows      | 1 2 |  2.3
Throwing       | 1 2 |  2.3
Armour         | 1 2 |  2.3
Shields        | 1 2 |  2.3
Unarmed Combat | 1 2 |  2.3
Spellcasting   | 1 2 |  2.3
Evocations     | 1 2 |  2.3
Conjurations   | 1 |  1.9
Hexes          | 1 |  1.9
Summonings     | 1 |  1.9
Necromancy     | 1 |  1.9
Translocations | 1 |  1.9
Transmutations | 1 |  1.9
Fire Magic     | 1 |  1.9
Ice Magic      | 1 |  1.9
Air Magic      | 1 |  1.9
Earth Magic    | 1 |  1.9
Poison Magic   | 1 |  1.9
Stealth        | 3 |  3.4
Fighting       | 5 |  5.2
Dodging        | 5 |  5.2
Bows           | |  8.9

Action                   |  1- 3 |  4- 6 |  7- 9 || total
-------------------------+-------+-------+-------++-------
 Fire: Shortbow          |    73 |   124 |    42 ||   239
Armor: Leather armour    |     5 |     9 |       ||    14
Dodge: Dodged            |     6 |    32 |     8 ||    46

Table legend: (Time is in decaauts)
 A = Elapsed time spent in this place.
 B = Non-inter-level travel time spent in this place.
 C = Inter-level travel time spent in this place.
 D = Time resting spent in this place.
 E = Time spent auto-exploring this place.
 F = Levels seen in this place.
 G = Mean time per level.
                   A        B        C        D        E       F      G
               +--------+--------+--------+--------+--------+-----+--------+
         Total |   2824 |   2652 |    172 |      0 |   2213 |   4 |  706.0 |
       Dungeon |   2824 |   2652 |    172 |      0 |   2213 |   4 |  706.0 |
               +--------+--------+--------+--------+--------+-----+--------+

Top non-repeatable levels by time:
     D:3: 1015 daAuts
     D:4: 678 daAuts
     D:2: 615 daAuts
     D:1: 515 daAuts
